 Dungeon Crawl Stone Soup version 0.30.0-5-g1a98f26d00 (webtiles) character file.

Game seed: 6762374693883802076

429 browni3141 the Trooper (level 6, -3/67 HPs)
             Began as an Ogre Delver on May 10, 2023.
             Was a Follower of Cheibriados.
             Slain by an orc warrior
             ... wielding a +0 halberd
              (10 damage)
             ... on level 6 of the Dungeon.
             The game lasted 00:05:52 (4289 turns).

browni3141 the Trooper (Ogre Delver)                Turns: 4289, Time: 00:05:53

Health: -3/67      AC:  3    Str: 23    XL:     6   Next: 98%
Magic:  6/6        EV: 10    Int: 13    God:    Cheibriados [*.....]
Gold:   256        SH:  0    Dex: 17    Spells: 5/5 levels left

rFire   . . .        P - +9 falchion of Generosity {flame, Str+2 Dex+5}
rCold   . . .        (no shield)
rNeg    . . .        b - +0 robe
rPois   .            (helmet restricted)
rElec   .            (no cloak)
rCorr   .            (gloves unavailable)
SInv    +            (boots unavailable)
Will    +....        (no amulet)
Stlth   +++          H - ring of willpower
HPRegen 0.31/turn    U - ring of see invisible
MPRegen 0.10/turn

%: no passive effects
@: very slow
A: large, unfitting armour, tough skin 1
a: Renounce Religion, Bend Time


You were on level 6 of the Dungeon.
You worshipped Cheibriados.
Cheibriados was aware of your devotion.
You visited 2 branches of the dungeon, and saw 7 of its levels.

You collected 256 gold pieces.

Inventory:

Hand Weapons
 a - a +0 mace
 P - the +9 falchion of Generosity (weapon) {flame, Str+2 Dex+5}
   (You found it on level 3 of the Dungeon)

   Str:       It affects your strength (+2).
   Dex:       It affects your dexterity (+5).
Missiles
 J - 18 poisoned darts (quivered)
Armour
 b - a +0 robe (worn)
Magical Staves
 A - a staff of cold
Jewellery
 C - a ring of willpower
 E - a ring of ice
 H - a ring of willpower (left hand)
 U - a ring of see invisible (right hand)
Wands
 g - a wand of digging (3)
 B - a wand of roots (4)
Scrolls
 d - 2 scrolls of magic mapping
 F - 2 scrolls of fog
 G - 4 scrolls of identify {unknown}
 I - a scroll of acquirement {unknown}
 O - 3 scrolls of blinking {unknown}
 Q - a scroll of enchant armour {unknown}
 S - 4 scrolls of teleportation {unknown}
 T - a scroll of poison {unknown}
 W - 2 scrolls of noise {unknown}
 Y - a scroll of amnesia {unknown}
Potions
 h - 5 potions of haste
 D - 2 potions of flight {unknown}
 K - 2 potions of magic {unknown}
 L - 3 potions of mutation {unknown}
 M - 4 potions of curing {unknown}
 N - 2 potions of berserk rage {unknown}
 R - a potion of invisibility {unknown}
 V - a potion of cancellation {unknown}
 X - a potion of attraction {unknown}
 Z - a potion of brilliance {unknown}


   Skills:
 + Level 5.9 Fighting
 * Level 2.9 Long Blades
 - Level 3.3 Maces & Flails
 * Level 3.5 Throwing
 - Level 1.7 Dodging
 - Level 3.7 Stealth


You had 5 spell levels left.
You didn't know any spells.
Your spell library contained the following spells:

 Spells                   Type           Power      Damage    Failure   Level
 Ozocubu's Armour         Ice            0%         N/A       67%         3
 Metabolic Englaciation   Hex/Ice        0%         N/A       100%        5
 Simulacrum               Ice/Necr       0%         N/A       100%        6


Dungeon Overview and Level Annotations

Branches:
Dungeon (6/15)             Temple (1/1) D:5

Altars:
Cheibriados
Gozag
Qazlal
Ru
Trog
Xom

Annotations:
D:4 Grinder


Innate Abilities, Weirdness & Mutations

You are too large for most types of armour.
You have tough skin. (AC +1)


Message History

An orc is nearby!
The orc shouts!
A hound comes into view.
The orc hits you but does no damage.
You closely miss the orc. The orc hits you with a +0 flail! The orc misses you.
You completely miss the orc.
The hound barks!
The orc closely misses you.
You hit the hound. You burn the hound.
The hound is moderately wounded.
The hound bites you. The orc hits you with a +0 flail. The hound bites you.
You are too injured to fight recklessly!
You are too injured to fight recklessly!
You are too injured to fight recklessly!
You are too injured to fight recklessly!
You are too injured to fight recklessly!
You closely miss the hound.
The hound is moderately wounded.
The hound bites you but does no damage. The orc hits you with a +0 flail!
The hound bites you.
You barely miss the hound.
The hound is moderately wounded.
The hound bites you. The orc barely misses you.
The hound bites you but does no damage.
You slash the hound! You burn the hound.
You kill the hound!
Cheibriados appreciates the change of pace.
The orc barely misses you. The orc hits you with a +0 flail!
You hit the orc. You burn the orc.
The orc is almost dead.
The orc closely misses you.
You slash the orc! You burn the orc.
You kill the orc!
Cheibriados appreciates the change of pace.
HP restored.
A - a staff of cold An adder comes into view.
An adder is nearby!
Found a book of Geomancy.
Found a stone staircase leading down.
An orc priest comes into view. It is wielding a +0 club.
The orc priest shouts!
An orc warrior comes into view. It is wielding a +0 halberd.
An orc comes into view. It is wielding a +0 club.
The orc shouts!
The orc priest invokes the aid of Beogh against you.
Beogh smites you!
Aiming: Fastroot
Press: ? - help, Shift-Dir - straight line The roots erupt in riotous growth!
Roots grab the orc warrior.
Roots grab the adder.
Roots grab the orc priest.
The grasping roots constrict the orc warrior.
The grasping roots constrict the orc priest.
The grasping roots constrict the adder.
The adder struggles to escape constriction.
The orc priest struggles to escape constriction.
The orc warrior struggles to escape constriction.
The grasping roots constrict the orc warrior!
The grasping roots constrict the orc priest!
The grasping roots constrict the adder.
The roots release their grip on the orc warrior.
The roots release their grip on the orc priest.
The roots release their grip on the adder.
The orc priest closely misses you.
You slash the orc priest! You burn the orc priest.
You kill the orc priest!
Cheibriados appreciates the change of pace.
The adder barely misses you. The orc warrior barely misses you.
You miss the adder.
The adder is almost dead.
The adder bites you. The orc hits you but does no damage.
The orc warrior hits you from afar with a +0 halberd!
The adder barely misses you.
You closely miss the adder.
The adder is almost dead.
The orc hits you with a +0 club.
The orc warrior hits you from afar with a +0 halberd.
* * * LOW HITPOINT WARNING * * *
The adder bites you.
* * * LOW HITPOINT WARNING * * *
Aiming: Fastroot
Press: ? - help, Shift-Dir - straight line The roots erupt in riotous growth!
Roots grab the adder.
Roots grab the orc warrior.
Roots grab the orc.
The grasping roots constrict the orc warrior.
The grasping roots constrict the orc.
The grasping roots constrict the adder.
You kill the adder!
Cheibriados appreciates the change of pace.
The orc hits you with a +0 club.
* * * LOW HITPOINT WARNING * * *
The orc warrior hits you from afar with a +0 halberd.
* * * LOW HITPOINT WARNING * * *
The grasping roots constrict the orc warrior, but do no damage.
The grasping roots constrict the orc!
You kill the orc!
Cheibriados appreciates the change of pace.
The roots release their grip on the orc warrior.
The orc warrior hits you with a +0 halberd!!
* * * LOW HITPOINT WARNING * * *
The orc warrior hits you with a +0 halberd!
You die...

...............##
................#
.#.............##
................#
................#
........#.##...##
...............#
...........#...#
......)@...##.##
...#.:o.>..$.##
......#####...#
..#..# ..## . #..
..# ## ##


You could see an orc warrior.

Vanquished Creatures
  An ogre (D:5)
  2 hounds
  An orc priest (D:6)
  3 iguanas
  An orc wizard (D:5)
  4 adders
  A white imp (D:5)
  3 worms
  3 dart slugs
  6 orcs
  8 bats
  12 endoplasms
  3 giant cockroaches
  10 goblins
  6 hobgoblins
  6 jackals (D:4)
  10 kobolds
  3 quokkas
  3 ball pythons
  5 frilled lizards
  7 rats
98 creatures vanquished.

Notes
Turn   | Place    | Note
-------+----------+-------------------------------------------
     0 | D:5      | browni3141 the Ogre Delver began the quest for the Orb.
     0 | D:5      | Reached XP level 1. HP: 24/24 MP: 1/1
   120 | D:4      | Reached XP level 2. HP: 30/33 MP: 2/2
   203 | D:4      | Noticed Grinder
   539 | D:4      | Reached XP level 3. HP: 32/40 MP: 3/3
   620 | D:4      | Reached skill level 3 in Maces & Flails
   620 | D:4      | Reached XP level 4. HP: 7/49 MP: 4/4
  1225 | D:3      | Found a shimmering altar of Xom.
  1234 | D:3      | Identified the +9 falchion of Generosity {flame, Str+2
                  | Dex+5}
  1549 | D:2      | Reached skill level 5 in Fighting
  2054 | D:1      | Reached XP level 5. HP: 57/57 MP: 5/5
  2499 | D:3      | Found a snail-covered altar of Cheibriados.
  2551 | D:3      | Became a worshipper of Cheibriados the Contemplative
  2765 | D:3      | Found a faded altar of an unknown god.
  3238 | D:4      | Found a stormy altar of Qazlal.
  3443 | D:5      | Found a sacrificial altar of Ru.
  3465 | D:5      | Found a staircase to the Ecumenical Temple.
  3474 | D:5      | Reached XP level 6. HP: 40/63 MP: 6/6
  3484 | Temple   | Entered the Ecumenical Temple
  3578 | D:5      | Reached * piety under Cheibriados
  3706 | D:5      | Found an opulent altar of Gozag.
  3848 | D:5      | Reached skill level 3 in Throwing
  3974 | D:5      | Found a bloodstained altar of Trog.
  4093 | D:5      | Noticed a rust devil
  4093 | D:5      | Noticed an orc warrior
  4093 | D:5      | Noticed a rust devil
  4093 | D:5      | Noticed an orc warrior
  4280 | D:6      | Noticed an orc warrior
  4289 | D:6      | Slain by an orc warrior

Illustrated notes

Levels and vault maps discovered:
D:1:      dpeg_arrival_arbitrary_c, layout_rooms, minmay_ruptured
D:2:      layout_basic, minmay_pentomino_pile
D:3:      layout_loops_ring, lemuel_round_altar,
          mainiacjoe_overflow_tiny_flanked, ebering_ecumenical_altar_webs
D:4:      layout_basic, mainiacjoe_overflow_alcove_1, uniq_grinder
D:5:      cheibrodos_iron_armory, layout_basic, nicolae_ru_the_path_less_chosen,
          nicolae_gozag_cash_rules_everything_around_me,
          mainiacjoe_overflow_alcove_4, minmay_temple_entry_overgrown
D:6:      layout_cave_pools, mainiacjoe_overflow_divided_tiny,
          serial_column_ruins, column_ruins_open_tiny,
          column_ruins_corridor_straight, column_ruins_open_tiny,
          column_ruins_grid_1
Temple:   jpeg_temple_island

Skill      XL: |  1  2  3  4  5  6 |
---------------+-------------------+-----
Maces & Flails | 2 3 |  3.3
Throwing       | 1 2 3 |  3.5
Fighting       | 5 |  5.9
Long Blades    | 2 |  2.9
Dodging        | |  1.7
Stealth        | |  3.7

Action                     |  1- 3 |  4- 6 || total
---------------------------+-------+-------++-------
  Melee: Mace              |    46 |    24 ||    70
         Punch             |     1 |     1 ||     2
         Falchion          |       |   135 ||   135
  Throw: Dart              |     9 |     1 ||    10
  Evoke: Wand              |       |     2 ||     2
    Use: Scroll            |       |     1 ||     1
   Stab: Sleeping          |     3 |    17 ||    20
 Armour: Robe              |    11 |    45 ||    56
  Dodge: Dodged            |    22 |    91 ||   113
